 Dungeon Sprint DCSS version 0.31-a0-799-g6bc09d010c (webtiles) character file.

Game seed: 16014820221895291117

1859 sircluck the Grappler (level 8, -4/93 HPs)
             Began as a Troll Berserker on Sept 19, 2023.
             Was a High Priest of Trog.
             Slain by an earth elemental (26 damage)
             ... in the Dungeon (Sprint III: "The Ten Rune Challenge").
             The game lasted 00:00:53 (269 turns).

sircluck the Grappler (Troll Berserker)              Turns: 269, Time: 00:00:54

Health: -4/93      AC:  4    Str: 28    XL:     8   Next: 89%
Magic:  7/7        EV: 11    Int:  3    God:    Trog [*****.]
Gold:   36         SH:  0    Dex:  7    Spells: 7/7 levels left

rFire   + .          .
                       - Unarmed
rCold   . . .        (no shield)
rNeg    . . .        a - +0 animal skin
rPois   .            (helmet restricted)
rElec   +            (no cloak)
rCorr   .            (gloves unavailable)
SInv    .            (boots unavailable)
Will    .....        (no amulet)
Stlth   +            (no ring)
HPRegen 1.15/turn    (no ring)
MPRegen 0.10/turn

%: no teleportation
@: no status effects
A: large, unfitting armour, claws 3, regeneration 1, shaggy fur 1, tough skin 1,
clumsy 1, fire resistance 1, electricity resistance
a: Renounce Religion, Berserk, Trog's Hand, Brothers in Arms


You were in the Dungeon.
You worshipped Trog.
Trog was extremely pleased with you.
You visited 1 branch You collected 36 gold pieces.

Inventory:

Armour
 a - a +0 animal skin (worn)
Wands
 m - a wand of flame (31)
Scrolls
 g - 2 scrolls of blinking
 i - a scroll of torment {unknown}
 k - a scroll of immolation {unknown}
 l - a scroll of identify {unknown}
Potions
 b - a potion of curing
 c - 2 potions of heal wounds
 d - 2 potions of haste
 e - 2 potions of magic
 f - a potion of berserk rage
 h - 2 potions of mutation
 j - 3 potions of enlightenment {unknown}
Miscellaneous
 n - a lightning rod (4/4)


   Skills:
 + Level 10.2 Fighting
 + Level 10.1 Dodging
 + Level 11.9 Unarmed Combat


You had 7 spell levels left.
You didn't know any spells.
Your spell library was empty.

Dungeon Overview and Level Annotations

Branches:
Dungeon (1/1)

Altars:
Cheibriados
Dithmenos
Elyvilon
Fedhas
Gozag
Hepliaklqana
Kikubaaqudgha
Makhleb
Nemelex Xobeh
Okawaru
Qazlal
Ru
Sif Muna
Trog
Uskayaw
Vehumet
Wu Jian
Xom
Yredelemnul
Zin
The Shining One
Jiyva
Lugonu


Innate Abilities, Weirdness & Mutations

You are too large for most types of armour.
You have claws for hands.
Your natural rate of healing is unusually fast.
You are covered in fur. (AC +1)
You have tough skin. (AC +1)
You are clumsy. (Dex -2)
Your flesh is heat resistant. (rF+)
You are resistant to electric shocks. (rElec)


Message History

Josephine is almost dead.
Josephine closely misses you.
You mangle Josephine!!
You kill Josephine!
Trog accepts your kill.
Trog appreciates your killing of a magic user.
Your Fighting skill increases to level 10!
Your Dodging skill increases to level 10!
Things that are here:
a +0 dagger; a +0 robe; the human corpse of Josephine It was a potion of mutation.
You feel extremely strange.
You feel clumsy.
You feel resistant to heat.
You feel insulated.
You enter the shallow water.
You open the door.
An earth elemental comes into view.
There is an open door here.
The earth elemental barely misses you.
You barely miss the earth elemental.
You scratch the earth elemental but do no damage.
The earth elemental hits you but does no damage.
You claw the earth elemental!
You claw the earth elemental, but do no damage.
The earth elemental is moderately damaged.
You mangle the earth elemental!!
The earth elemental is severely damaged.
The earth elemental hits you!!!
You scratch the earth elemental but do no damage.
The earth elemental is severely damaged.
You barely miss the earth elemental.
The earth elemental is severely damaged.
You scratch the earth elemental.
The earth elemental is severely damaged.
The earth elemental hits you!!!
* * * LOW HITPOINT WARNING * * *
You claw the earth elemental!
The earth elemental is almost destroyed.
You scratch the earth elemental.
The earth elemental is almost destroyed.
The earth elemental hits you!!
You die...

__#___#__#
).#__)#._#
#'#†###)##
.........#
⌠........#
..######'#
⌠.#__#...#+#######
..#__#...#..~~~'.#
###__#...#.#§~§#@#
: #__#...'.#)§.#E#
__#__'...#.#...#..
▓▓▓▓▓▓▓▓▓▓▓▓▓▓▓▓▓▓▓


You could see an earth elemental.

Vanquished Creatures
  Josephine (D)
  A deep elf pyromancer (D)
  A shadow (D)
  A spatial vortex (D)
  A necrophage (D)
  A water elemental (D)
  A jelly (D)
  A wizard (D)
  A necromancer (D)
  3 humans (D)
  A kobold demonologist (D)
  A phantom (D)
  An endoplasm (D)
  3 rats (D)
18 creatures vanquished.

Notes
Turn   | Place    | Note
-------+----------+-------------------------------------------
     0 | D        | sircluck the Troll Berserker began the quest for the Orb.
     0 | D        | Reached XP level 1. HP: 22/22 MP: 0/0
    24 | D        | Reached ** piety under Trog
    52 | D        | Reached skill level 4 in Unarmed Combat
    52 | D        | Reached XP level 2. HP: 30/32 MP: 1/1
    60 | D        | Noticed a water elemental
    64 | D        | Killed a water elemental
    64 | D        | Reached *** piety under Trog
    65 | D        | Reached skill level 5 in Unarmed Combat
    65 | D        | Reached XP level 3. HP: 35/40 MP: 2/2
    65 | D        | Reached XP level 4. HP: 43/49 MP: 3/3
   111 | D        | Found a glowing silver altar of Zin.
   111 | D        | Found a glowing golden altar of the Shining One.
   111 | D        | Found a white marble altar of Elyvilon.
   112 | D        | Noticed a deep elf pyromancer
   115 | D        | Killed a deep elf pyromancer
   116 | D        | Reached skill level 9 in Unarmed Combat
   116 | D        | Reached XP level 5. HP: 60/63 MP: 4/4
   116 | D        | Reached XP level 6. HP: 68/72 MP: 5/5
   116 | D        | Reached XP level 7. HP: 75/79 MP: 6/6
   126 | D        | Found a hide-covered altar of Uskayaw.
   126 | D        | Found an iron altar of Okawaru.
   126 | D        | Found a bloodstained altar of Trog.
   126 | D        | Found an ornate altar of the Wu Jian Council.
   126 | D        | Noticed a human
   126 | D        | Noticed a human
   132 | D        | Killed a human
   135 | D        | Killed a human
   135 | D        | Reached **** piety under Trog
   136 | D        | Reached skill level 10 in Unarmed Combat
   165 | D        | Found a basalt altar of Yredelemnul.
   165 | D        | Found a shadowy altar of Dithmenos.
   165 | D        | Found a sacrificial altar of Ru.
   178 | D        | Noticed a shadow
   179 | D        | Killed a shadow
   180 | D        | Reached XP level 8. HP: 92/92 MP: 7/7
   181 | D        | Reached ***** piety under Trog
   188 | D        | Found a blossoming altar of Fedhas.
   188 | D        | Found a stormy altar of Qazlal.
   188 | D        | Found a snail-covered altar of Cheibriados.
   188 | D        | Found a burning altar of Makhleb.
   188 | D        | Found a shimmering altar of Xom.
   189 | D        | Found a hazy altar of Hepliaklqana.
   189 | D        | Found an opulent altar of Gozag.
   189 | D        | Found a sparkling altar of Nemelex Xobeh.
   189 | D        | Found a corrupted altar of Lugonu.
   189 | D        | Found a viscous altar of Jiyva.
   220 | D        | Found a radiant altar of Vehumet.
   220 | D        | Found a shimmering blue altar of Sif Muna.
   220 | D        | Found an ancient bone altar of Kikubaaqudgha.
   222 | D        | Received a gift from Trog
   223 | D        | Reached skill level 11 in Unarmed Combat
   244 | D        | Noticed Josephine
   251 | D        | Killed Josephine
   252 | D        | Reached skill level 10 in Fighting
   252 | D        | Reached skill level 10 in Dodging
   253 | D        | Gained mutation: You are clumsy. (Dex -2) [potion of
                  | mutation]
   253 | D        | Gained mutation: Your flesh is heat resistant. (rF+)
                  | [potion of mutation]
   253 | D        | Gained mutation: You are resistant to electric shocks.
                  | (rElec) [potion of mutation]
   269 | D        | Slain by an earth elemental

Illustrated notes

Levels and vault maps discovered:
D:        dungeon_sprint_mu [sprint_mu_entry_cave, sprint_mu_temple_rooms,
          sprint_mu_d1_horrors, sprint_mu_d2_genie, sprint_mu_d3_branching,
          sprint_mu_orc_legion, sprint_mu_elf_gauntlet, sprint_mu_hive_nellie,
          sprint_mu_lair_fedhas, sprint_mu_vaults_butterflies,
          sprint_mu_slime_circle, sprint_mu_swamp_cave, sprint_mu_snake_twists,
          sprint_mu_blade_basic, sprint_mu_crypt_fortress,
          sprint_mu_tomb_spiral, sprint_mu_vestibule_basic,
          sprint_mu_gehenna_hellfire, sprint_mu_dis_giant,
          sprint_mu_tartarus_statrot, sprint_mu_cocytus_islands, sprint_mu_zot1]

Skill      XL: |  1  2  3  4  5  6  7  8 |
---------------+-------------------------+-----
Fighting       | 3 4 7 9 10 | 10.2
Dodging        | 3 4 7 9 10 | 10.1
Unarmed Combat | 4 5 9 10 11 | 11.9

Action                     |  1- 3 |  4- 6 |  7- 9 || total
---------------------------+-------+-------+-------++-------
  Melee: Unarmed           |    16 |     3 |    40 ||    59
         Punch             |     1 |       |     4 ||     5
 Invoke: Berserk           |     1 |       |       ||     1
    Use: Potion            |       |       |     1 ||     1
   Stab: Sleeping          |     1 |       |       ||     1
 Armour: Animal skin       |     4 |     1 |    13 ||    18
  Dodge: Dodged            |     9 |     1 |    10 ||    20

Table legend: (Time is in decaauts)
 A = Elapsed time spent in this place.
 B = Non-inter-level travel time spent in this place.
 C = Inter-level travel time spent in this place.
 D = Time resting spent in this place.
 E = Time spent auto-exploring this place.
 F = Levels seen in this place.
 G = Mean time per level.
                   A        B        C        D        E       F      G
               +--------+--------+--------+--------+--------+-----+--------+
         Total |    269 |    237 |     32 |     37 |     95 |   1 |  269.0 |
       Dungeon |    269 |    237 |     32 |     37 |     95 |   1 |  269.0 |
               +--------+--------+--------+--------+--------+-----+--------+

Top non-repeatable levels by time:
       D: 269 daAuts
